 Dungeon Crawl Stone Soup version 0.20.1-1-g8b1a95d (webtiles) character file.

72 FerrousOx the Chopper (level 4, -4/29 HPs)
             Began as a Tengu Berserker on Aug 1, 2017.
             Was a Believer of Trog.
             Slain by Pikel
             ... wielding a +0 whip of freezing
              (5 damage)
             ... on level 5 of the Dungeon.
             The game lasted 00:10:48 (2415 turns).

FerrousOx the Chopper (Tengu Berserker)             Turns: 2415, Time: 00:10:49

Health: -4/29      AC:  5    Str: 17    XL:     4   Next: 25%
Magic:  5/5        EV: 11    Int:  7    God:    Trog [**....]
Gold:   203        SH:  0    Dex: 13    Spells: 3/3 levels left

rFire    . . .     SeeInvis .   a - +1 hand axe
rCold    . . .     Gourm    .   (no shield)
rNeg     . . .     Faith    .   d - +0 ring mail
rPois    .         Spirit   .   (helmet restricted)
rElec    .         Reflect  .   (no cloak)
rCorr    .         Harm     .   (no gloves)
MR       .....                  (boots unavailable)
Stlth    +.........             (no amulet)
Regen    0.1/turn               u - -2 ring of strength (curse)
MPRegen  0.1/turn               (no ring)

@: no status effects
A: beak, talons 3
a: Berserk, Trog's Hand, Burn Spellbooks, Renounce Religion


You were on level 5 of the Dungeon.
You worshipped Trog.
Trog was pleased with you.
You were not hungry.

You visited 1 branch of the dungeon, and saw 4 of its levels.

You collected 203 gold pieces.

Inventory:

Hand Weapons
 a - a +1 hand axe (weapon)
 q - a +2 antimagic short sword
Armour
 b - a +0 animal skin
 d - a +0 ring mail (worn)
Jewellery
 i - a cursed ring of loudness
 l - an uncursed amulet of magic regeneration
 u - a cursed -2 ring of strength (left hand)
Scrolls
 f - a scroll of recharging
Potions
 g - 4 potions of ambrosia
 k - a potion of resistance {unknown}
 t - a potion of flight {unknown}
Comestibles
 c - 2 bread rations
 h - a royal jelly
 m - 3 meat rations
 n - a fruit


   Skills:
 + Level 3.8 Fighting
 * Level 4.7 Axes
 - Level 2.2 Armour
 - Level 2.1 Dodging


You had 3 spell levels left.
You didn't know any spells.

Dungeon Overview and Level Annotations

Branches:
Dungeon (3/15)

Altars:

Annotations:
D:5 Pikel


Innate Abilities, Weirdness & Mutations

You have a beak for a mouth.
You have claws for feet.


Message History

Pikel is no longer unusually agile.
Pikel says, "Slavery isn't that bad."
Found a throwing net.
You see here a throwing net.
A centaur skeleton comes into view.
The centaur skeleton moves out of view.
You hit the centaur skeleton.
You peck the centaur skeleton, but do no damage.
The centaur skeleton is lightly damaged.
The centaur skeleton hits you.
* * * LOW HITPOINT WARNING * * *
You hit the centaur skeleton but do no damage.
You claw the centaur skeleton. You peck the centaur skeleton.
The centaur skeleton is moderately damaged.
The centaur skeleton hits you but does no damage.
The centaur skeleton closely misses you.
You hit the centaur skeleton. You peck the centaur skeleton.
The centaur skeleton is heavily damaged.
You hit Pikel but do no damage. Pikel hits you with a whip of freezing.
You die...

.. #....#.# #.
..##....#.# .. #
#.#.....#.###### #.
##.##.#............# #.
................#.# #.
.........#.##.#.# #.
##.##.#.....#.##.#.####.
......Z@Kpp.p(p......p..
......#..#..#.##.#.####.
.........#..#.##.#.# #.
.................#.# #.
##.##.#.##..#.#..#.# #.
.. #.............#.# #.
# ##.#.##..#.#..... ..
...............# #.


You could see Pikel, 4 slaves and a centaur skeleton.

Vanquished Creatures
  3 adders
  A dart slug (D:1)
  2 leopard geckos
  An orc (D:3)
  A ball python (D:2)
  7 goblins
  5 hobgoblins
  2 kobolds
  7 bats
  6 frilled lizards
  6 rats
41 creatures vanquished.

Notes
Turn   | Place    | Note
-------+----------+-------------------------------------------
     0 | D:1      | FerrousOx the Tengu Berserker began the quest for the Orb.
     0 | D:1      | Reached XP level 1. HP: 14/14 MP: 2/2
   313 | D:1      | Reached XP level 2. HP: 19/19 MP: 3/3
  1007 | D:1      | Reached skill level 4 in Axes
  1345 | D:2      | Reached XP level 3. HP: 23/23 MP: 4/4
  1401 | D:2      | Found a faded altar of an unknown god.
  1873 | D:3      | Reached ** piety under Trog
  1962 | D:3      | Reached XP level 4. HP: 25/28 MP: 5/5
  2309 | D:3      | You fall through a shaft for 2 floors!
  2309 | D:5      | Entered Level 5 of the Dungeon
  2354 | D:5      | Noticed Pikel
  2354 | D:5      | Noticed a slave
  2354 | D:5      | Noticed a slave
  2355 | D:5      | Noticed a slave
  2355 | D:5      | Noticed a slave
  2364 | D:5      | HP: 1/29 [slave[Pikel] (8)]
  2413 | D:5      | HP: 1/29 [centaur skeleton (6)]
  2415 | D:5      | Slain by Pikel

Skill      XL: |  1  2 |
---------------+-------+-----
Axes           | 4 |  4.7
Fighting       | |  3.8
Armour         | |  2.2
Dodging        | |  2.1

Action                   |  1- 3 |  4- 6 || total
-------------------------+-------+-------++-------
Melee: Hand axe          |    78 |    18 ||    96
       Kick              |    13 |     4 ||    17
       Peck              |     5 |     7 ||    12
Invok: Burn Spellbooks   |     1 |       ||     1
  Use: Scroll            |       |     7 ||     7
       Potion            |       |     3 ||     3
  Eat: Chunk             |     2 |     1 ||     3
       Fruit             |     1 |     1 ||     2
Armor: Ring mail         |    32 |     9 ||    41
Dodge: Dodged            |    47 |    26 ||    73
